AoeStats
← chengyp8676

Arena

504248660Analyzed
4v4 RM · 29d ago on Sep 4, 2026· 29m 59s· 8 players
Game mode
Random Map
Map size
Large (8 player)
Population
200
Speed
Normal
Resources
Standard
Victory
Conquest
Starting age
Dark Age
Ending age
Imperial Age
RankedLock teamsTeams togetherTeam positionsShared explorationLock speedFull tech treeHidden civsTurbo modeCheats
Victory
Defeat
1431
+8
🇮🇳 Britons · India
1265
+15
🇯🇵 Romans · Japan
1222
+16
1081
+22
🇭🇰 Tatars · Hong Kong SAR China
1280
-17
🇨🇴 Byzantines · Colombia
1254
-16
🇪🇸 Turks · Spain
1203
-14
🇫🇷 Gurjaras · France
1201
-14
Fujiwara
9:43 Feudal Age
15:01 Castle Age
13:37 Double-Bit Axe
13:38 Horse Collar
20:35 Loom
22:08 Heavy Plow
23:15 Wheelbarrow
23:27 Bow Saw
26:09 Hand Cart
26:45 Gold Mining
26:46 Stone Mining
31:08 Imperial Age
29:51 Pikeman
30:31 Squires
八十万对六十万,优势在我
9:07 Feudal Age
9:50 Double-Bit Axe
10:35 Horse Collar
18:54 Loom
21:10 Castle Age
19:49 Scale Barding Armor
19:54 Forging
20:10 Bloodlines
20:14 Stone Mining
20:14 Gold Mining
21:52 Wheelbarrow
21:57 Capped Ram
25:56 Chain Barding Armor
28:02 Iron Casting
29:04 Hand Cart
重案组之虎曹达华JESSEJAMES
10:35 Feudal Age
13:37 Castle Age
12:40 Double-Bit Axe
14:02 Stone Mining
14:29 Bow Saw
14:29 Loom
15:55 Horse Collar
20:13 Scale Barding Armor
22:07 Husbandry
24:04 Chain Barding Armor
27:24 Wheelbarrow
27:51 Fletching
28:23 Forging
ravish.ratnam
12:42 Feudal Age
13:59 Wheelbarrow
16:33 Castle Age
14:28 Double-Bit Axe
17:38 Horse Collar
20:42 Bow Saw
27:47 Imperial Age
25:57 Ballistics
25:29 Fletching
27:09 Heavy Plow
27:08 Bodkin Arrow
27:16 Padded Archer Armor
28:55 Yeomen
29:47 Bracer
30:03 Leather Archer Armor
T91Official
10:38 Feudal Age
14:43 Castle Age
12:38 Double-Bit Axe
12:35 Horse Collar
22:11 Bow Saw
23:00 Wheelbarrow
24:40 Hand Cart
27:48 Imperial Age
25:08 Treadmill Crane
26:02 Gold Mining
26:15 Heavy Plow
26:19 Fletching
26:13 Elite Skirmisher
27:10 Bodkin Arrow
27:16 Padded Archer Armor
27:55 Gold Shaft Mining
27:39 Thumb Ring
28:32 Ballistics
28:47 Leather Archer Armor
ReyCocobolo
11:35 Feudal Age
15:20 Castle Age
13:28 Double-Bit Axe
14:08 Horse Collar
16:14 Bow Saw
16:25 Loom
17:12 Heavy Plow
17:51 Town Watch
23:26 Imperial Age
21:37 Gold Mining
27:03 Padded Archer Armor
28:23 Wheelbarrow
Kayou
11:39 Feudal Age
13:05 Horse Collar
15:36 Castle Age
14:28 Double-Bit Axe
16:34 Wheelbarrow
16:45 Bow Saw
16:47 Heavy Plow
17:59 Gold Mining
19:06 Hand Cart
20:53 Stone Mining
24:18 Loom
25:02 Fletching
25:21 Padded Archer Armor
chengyp8676
10:39 Feudal Age
15:06 Castle Age
13:20 Horse Collar
14:19 Double-Bit Axe
16:29 Bow Saw
18:35 Heavy Plow
20:37 Loom
21:32 Wheelbarrow
20:58 Gold Mining
27:08 Stone Mining
30:27 Imperial Age
28:53 Scale Barding Armor
29:59 Bloodlines
30:12 Chain Barding Armor
30:03 Forging
30:33 Gold Shaft Mining
30:53 Hand Cart
Connection lost

Rejoining the realm…

Still unreachable

The connection could not be restored.

Session expired

The server has moved on; the page needs a fresh start.